 Dungeon Crawl Stone Soup version 0.17-a0-1564-g7b572aa (webtiles) character file.

227 Nansi the Skirmisher (level 5, 0/46 HPs)
             Began as a Demigod Gladiator on July 21, 2015.
             Succumbed to a kobold's poison
             ... on level 4 of the Dungeon.
             The game lasted 00:12:58 (2891 turns).

Nansi the Skirmisher (Demigod Gladiator)            Turns: 2891, Time: 00:12:58

Health: 0/46       AC:  6    Str: 18    XL:     5   Next: 42%
Magic:  7/7        EV: 12    Int: 12    God:
Gold:   203        SH:  0    Dex: 16    Spells: 0 memorised, 4 levels left

rFire  . . .     SeeInvis .     a - +0 war axe
rCold  . . .     Clarity  .     l - +0 ring mail
rNeg   . . .     SustAt   +     (no shield)
rPois  .         Gourm    .     f - +0 helmet
rElec  .         Spirit   .     (no cloak)
rCorr  .         Warding  .     (no gloves)
rMut   .         Stasis   .     (no boots)
MR     .....                    (no amulet)
Stlth  +.........               (no ring)
                                (no ring)

@: lethally poisoned (0 -> -18), not resistant to hostile enchantments, very
unstealthy
A: talons 1, high mp 1, weak 1, no device heal 1, sustain attributes
a: no special abilities


You were on level 4 of the Dungeon.
You were hungry.

You visited 1 branch of the dungeon, and saw 4 of its levels.

You collected 203 gold pieces.

Inventory:

Hand weapons
 a - a +0 war axe (weapon)
 c - a +0 whip
 w - a +0 hunting sling
Missiles
 h - 19 poisoned needles
 j - 5 arrows of flame
 m - 2 tomahawks (quivered)
Armour
 b - a +0 leather armour
 f - a +0 helmet (worn)
 l - a +0 ring mail (worn)
Scrolls
 i - a scroll of recharging
 o - a scroll of enchant weapon
 p - 3 scrolls of remove curse
 s - a scroll of identify
 t - a scroll of amnesia {unknown}
Comestibles
 e - 3 bread rations
 n - 2 slices of pizza
 r - a beef jerky
 u - a meat ration


   Skills:
 + Level 4.0 Fighting
 - Level 2.6 Axes
 - Level 1.7 Throwing
 + Level 3.5 Armour
 - Level 2.6 Dodging


You had 4 spell levels left.
You didn't know any spells.

Dungeon Overview and Level Annotations

Branches:
Dungeon (4/15)
 Temple: D:4-7


Innate Abilities, Weirdness & Mutations

You have an increased reservoir of magic (+10% MP).
Your attributes are resistant to harm.
You have sharp toenails.
You are weak. (Str -2)
Potions and wands are less effective at restoring your health.


Message History

You feel blessed for a moment.
It was a scroll of remove curse.
* * * LOW HITPOINT WARNING * * *
You feel sick.
* * * LOW HITPOINT WARNING * * *
You feel sick.
The kobold unwields an uncursed dagger.
The kobold wields a blowgun.
The kobold shoots a poisoned needle.
The poisoned needle closely misses you. The giant newt bites you.
* * * LOW HITPOINT WARNING * * *
* * * LOW HITPOINT WARNING * * *
You feel sick. The giant newt bites you.
* * * LOW HITPOINT WARNING * * *
The kobold shoots a poisoned needle.
The poisoned needle hits you!
You are more poisoned.
You see here a poisoned needle.
* * * LOW HITPOINT WARNING * * *
You feel sick.
* * * LOW HITPOINT WARNING * * *
You feel sick.
The kobold shoots a poisoned needle.
The poisoned needle misses you.
You die...

##........#
#(.......##
##.........#
#..........#
##....[.....#
#......r(...##
#...$..laK...#
#............#
##....@......#
##(.........#
##.........#
#..........#
#.##########
##


You could see a worker ant, a kobold, a giant newt and a rat.

Vanquished Creatures
  An ogre (D:4)
  6 adders
  2 oozes (D:2)
  4 worms
  2 giant geckos
  5 orcs
  2 ball pythons
  4 bats
  A bat skeleton (D:3)
  2 giant cockroaches (D:3)
  4 hobgoblins
  A quokka (D:2)
  4 giant newts
  7 goblins
  7 kobolds
  A quokka skeleton (D:3)
  9 rats
62 creatures vanquished.

Notes
Turn   | Place    | Note
--------------------------------------------------------------
     0 | D:1      | Nansi the Demigod Gladiator began the quest for the Orb.
     0 | D:1      | Reached XP level 1. HP: 17/17 MP: 3/3
   482 | D:1      | Reached XP level 2. HP: 20/25 MP: 4/4
   608 | D:1      | Gained mutation: Potions and wands are less effective at restoring your health. [potion of mutation]
   608 | D:1      | Gained mutation: You have sharp toenails. [potion of mutation]
   608 | D:1      | Gained mutation: You are weak. (Str -2) [potion of mutation]
   633 | D:2      | Reached skill level 1 in Armour
  1045 | D:2      | Reached XP level 3. HP: 30/30 MP: 5/5
  1308 | D:2      | Reached skill level 3 in Fighting
  1630 | D:2      | Reached XP level 4. HP: 25/38 MP: 6/6
  2829 | D:4      | Noticed an ogre
  2832 | D:4      | Noticed an ogre
  2846 | D:4      | Killed an ogre
  2846 | D:4      | Reached skill level 4 in Fighting
  2846 | D:4      | Reached XP level 5. HP: 24/46 MP: 7/7
  2875 | D:4      | Noticed an ogre
  2875 | D:4      | Noticed an ogre
  2890 | D:4      | HP: 1/46 [poisoned by a kobold]
  2891 | D:4      | Succumbed to a kobold's poison

Vault maps used:
D:1:      minmay_arrival_glassed_features
D:3:      minivault_24, minmay_misc_feat_pillars
D:4:      first_bread, nicolae_qazlal_style_of_elements

Action                   |  1- 3 |  4- 6 || total
-------------------------+-------+-------++-------
Melee: War axe           |   121 |    73 ||   194
Throw: Tomahawk          |       |     4 ||     4
       Throwing net      |       |     3 ||     3
  Use: Scroll            |     6 |     4 ||    10
       Potion            |     4 |     4 ||     8
 Stab: Held in net/web   |       |     2 ||     2
  Eat: Chunk             |     2 |     4 ||     6
